 Dungeon Crawl Stone Soup version 0.28.0 (webtiles) character file.

Game seed: 16343198023507869114

4 rockstonesolid the Sneak (level 1, -1/13 HPs)
             Began as a Gnoll Enchanter on Feb 17, 2022.
             Slain by Jessica (4 damage)
             ... on level 2 of the Dungeon.
             The game lasted 00:00:33 (88 turns).

rockstonesolid the Sneak (Gnoll Enchanter)            Turns: 88, Time: 00:00:34

Health: -1/13      AC:  2    Str:  7    XL:     1   Next: 60%
Magic:  6/6        EV: 10    Int: 14    God:
Gold:   18         SH:  0    Dex: 12    Spells: 9/9 levels left

rFire   . . .      SeeInvis .   a - +1 dagger
rCold   . . .      Faith    .   (no shield)
rNeg    . . .      Spirit   .   b - +0 robe
rPois   .          Reflect  .   (no helmet)
rElec   .          Harm     .   (no cloak)
rCorr   .          Rampage  .   (no gloves)
Will    .....                   (no boots)
Stlth   +++.......              (no amulet)
HPRegen 0.04/turn               (no ring)
MPRegen 0.10/turn               (no ring)

@: constricted
A: fangs 1, strong nose, distributed training
a: no special abilities


You were on level 2 of the Dungeon.
You visited 1 branch of the dungeon, and saw 2 of its levels.

You collected 18 gold pieces.

Inventory:

Hand Weapons
 a - a +1 dagger (weapon)
Missiles
 d - 6 javelins (quivered)
Armour
 b - a +0 robe (worn)
Potions
 c - a potion of invisibility


   Skills:
 + Level 0.1 Fighting
 + Level 2.4 Short Blades
 + Level 0.1 Long Blades
 + Level 0.1 Axes
 + Level 0.1 Maces & Flails
 + Level 0.1 Polearms
 + Level 0.1 Staves
 + Level 0.1 Slings
 + Level 0.1 Bows
 + Level 0.1 Crossbows
 + Level 0.1 Throwing
 + Level 0.1 Armour
 + Level 4.4 Dodging
 + Level 5.9 Stealth
 + Level 0.1 Shields
 + Level 0.1 Unarmed Combat
 + Level 4.9 Spellcasting
 + Level 0.1 Conjurations
 + Level 5.3 Hexes
 + Level 0.1 Summonings
 + Level 0.1 Necromancy
 + Level 0.1 Translocations
 + Level 0.1 Transmutations
 + Level 0.1 Fire Magic
 + Level 0.1 Ice Magic
 + Level 0.1 Air Magic
 + Level 0.1 Earth Magic
 + Level 0.1 Poison Magic
 + Level 0.2 Invocations
 + Level 0.1 Evocations


You had 9 spell levels left.
You didn't know any spells.
Your spell library contained the following spells:

 Spells                   Type           Power      Damage    Failure   Level
 Confusing Touch          Hex            18%        N/A       6%          3
 Tukima's Dance           Hex            18%        N/A       6%          3
 Ensorcelled Hibernation  Hex/Ice        22%        N/A       9%          2
 Dazzling Flash           Conj/Hex       22%        N/A       17%         3


Dungeon Overview and Level Annotations

Branches:
Dungeon (2/15)

Altars:

Annotations:
D:2 Jessica


Innate Abilities, Weirdness & Mutations

You have very sharp teeth.
Your uncanny sense of smell can sniff out nearby items.
Your experience applies equally to all skills.


Message History

You hit the quokka but do no damage. The quokka bites you.
You closely miss the quokka. You bite the quokka, but do no damage.
The quokka bites you.
You hit the quokka. Your bite misses the quokka. The quokka bites you.
You hit the quokka but do no damage. The quokka bites you.
You hit the quokka. The quokka bites you.
* * * LOW HITPOINT WARNING * * *
You hit the quokka.
You kill the quokka!
A rat comes into view.
The rat misses you.
You barely miss the rat. You hit the rat but do no damage.
The rat bites you but does no damage.
You hit the rat. The rat closely misses you.
You barely miss the rat. The rat bites you but does no damage.
You barely miss the rat. You punch the rat.
You kill the rat!
There is a stone staircase leading down here.
You climb downwards.
There is a stone staircase leading up here.
A ball python comes into view.
The ball python hisses angrily.
The ball python moves out of view.
There is a stone staircase leading up here.
Found 16 arrows.
Found an escape hatch in the floor.
You see here 16 arrows.
Jessica the Apprentice Sorceress comes into view.
She is wielding a +0 club.
Jessica gestures at you while chanting.
You barely resist. Jessica misses you.
You hit Jessica. You bite Jessica, but do no damage. You hit Jessica.
Jessica barely misses you.
You closely miss Jessica. The ball python closely misses you.
The ball python grabs you. The ball python constricts you. Jessica misses you.
You hit the ball python. The ball python closely misses you.
The ball python constricts you.
* * * LOW HITPOINT WARNING * * *
Jessica hits you with a +0 club.
You die...

#######
#...@.# #@#
###S# ..#.#
# #.#.#
#.#.#.#
##.#.#.#
##..>...#
###...#(###
.......S#


You could see Jessica and a ball python.

Vanquished Creatures
  A bat (D:1)
  A quokka (D:1)
  A ball python (D:1)
  A rat (D:1)
4 creatures vanquished.

Notes
Turn   | Place    | Note
-------+----------+-------------------------------------------
     0 | D:1      | rockstonesolid the Gnoll Enchanter began the quest for the
                  | Orb.
     0 | D:1      | Reached XP level 1. HP: 13/13 MP: 6/6
    79 | D:2      | Noticed Jessica
    88 | D:2      | Slain by Jessica

Illustrated notes

Levels and vault maps discovered:
D:1:      dpeg_arrival_houses_and_road, layout_basic
D:2:      layout_loops_corners, dk_noncrumbling_3, uniq_jessica

Action                   || total
-------------------------++-------
Melee: Dagger            ||    18
       Bite              ||     2
       Punch             ||     1
 Stab: Sleeping          ||     2
Armor: Robe              ||     2
Dodge: Dodged            ||     9
